 Dungeon Crawl Stone Soup version 0.14-a0-155-gd989017 (webtiles) character file.

153 Lektor the Digger (level 3, 0/26 HPs)
             Began as a Lava Orc Earth Elementalist on Oct 4, 2013.
             Succumbed to an adder's poison
             ... on Level 2 of the Dungeon.
             The game lasted 00:07:55 (826 turns).

Lektor the Digger (Lava Orc Earth Elementalist)      Turns: 826, Time: 00:07:55

HP   0/26        AC  4     Str 10      XL: 3   Next: 30%
MP   1/6         EV 12     Int 21      God:
Gold 113         SH  0     Dex 11      Spells:  1 memorised,  4 levels left

Res.Fire  : + . .   See Invis. : .   h - -1,+1 orc mace
Res.Cold  : . . .   Warding    : .   c - +0 orc robe
Life Prot.: . . .   Conserve   : .   (no shield)
Res.Poison: .       Res.Corr.  : .   (no helmet)
Res.Elec. : .       Clarity    : .   (no cloak)
Sust.Abil.: . .     Spirit.Shd : .   (no gloves)
Res.Mut.  : .       Stasis     : .   (no boots)
Res.Rott. : .       Flight     : .   (no amulet)
Saprovore : + . .                    (no ring)
                                     (no ring)

@: invisible, brilliant, mildly poisoned, very slightly contaminated, slow, not
resistant to hostile enchantments, unstealthy
A: conserve scrolls, saprovore 1
a: no special abilities


You were on level 2 of the Dungeon.
You were not hungry.

You visited 1 branch of the dungeon, and saw 2 of its levels.

You collected 93 gold pieces.

Inventory:

Hand weapons
 e - a +0,+0 dagger
 h - a -1,+1 orcish mace (weapon)
 l - a +0,+0 spear
Missiles
 b - 20 stones (quivered)
 i - 9 exploding darts
 r - 18 steel sling bullets
Armour
 c - a +0 orcish robe (worn)
 o - a +0 elven robe
 s - a +0 scale mail
Comestibles
 a - a meat ration
 m - an apple
 n - a rotting chunk of giant newt flesh
 t - a chunk of bat flesh
Scrolls
 f - a scroll of blinking {unknown}
 g - 3 scrolls of noise {unknown}
 k - a scroll of remove curse {unknown}
Books
 d - a book of Geomancy

   Spells                             Type                      Level
   *Sandblast                         Earth                        1
   Stoneskin                          Transmutation/Earth          2
   Passwall                           Transmutation/Earth          3
   Stone Arrow                        Conjuration/Earth            3
   Petrify                            Transmutation/Earth          4
   Lee's Rapid Deconstruction         Earth                        5


   Skills:
 + Level 0.8 Fighting
 - Level 1.7 Dodging
 - Level 1.7 Stealth
 + Level 1.6 Spellcasting
   Level 1.3 Transmutations
 - Level 4.0 Earth Magic


You had 4 spell levels left.
You knew the following spells:

 Your Spells              Type           Power        Failure   Level  Hunger
a - Sandblast             Erth           ####..       1%          1    #......


Dungeon Overview and Level Annotations

Branches:
Dungeon (2/27)

Altars:


Innate Abilities, Weirdness & Mutations

You have stony skin.
You cover ground slowly.
Your flesh is heat resistant.
Your flesh is vulnerable to cold.
Your heat harms attackers.
You bathe your surroundings in blazing heat.
You are too hot to use scrolls.
You are very good at protecting items from fire.
You can tolerate rotten meat.


Message History

* * * LOW HITPOINT WARNING * * *
You feel sick.
Your movements slow.
You can move again.
You start resting.
* * * LOW HITPOINT WARNING * * *
You feel sick.
You smell something rotten. (slot n)
You start resting.
* * * LOW HITPOINT WARNING * * *
You feel sick.
Drink which item? (? for menu, Esc to quit)
You feel more clever all of a sudden.
It was a potion of brilliance.
* * * LOW HITPOINT WARNING * * *
You feel sick.
Drink which item? (? for menu, Esc to quit)
You fade into invisibility!
It was a potion of invisibility.
You die...

#.#######
#.?..@.#
#.####.#
#<...#
######


There were no monsters in sight!

Vanquished Creatures
  An adder (D:2)
  An ooze (D:1)
  A ball python (D:1)
  6 bats (D:1)
  A giant cockroach (D:1)
  2 goblins (D:1)
  2 hobgoblins (D:1)
  4 jackals (D:1)
  3 kobolds (D:1)
  A giant newt (D:1)
  5 rats (D:1)
27 creatures vanquished.

Notes
Turn   | Place    | Note
--------------------------------------------------------------
     0 | D:1      | Lektor, the Lava Orc Earth Elementalist, began the quest for the Orb.
     0 | D:1      | Reached XP level 1. HP: 14/14 MP: 3/3
   131 | D:1      | Reached XP level 2. HP: 15/20 MP: 2/4
   478 | D:1      | Reached skill level 4 in Earth Magic
   731 | D:1      | Reached XP level 3. HP: 26/26 MP: 6/6
   816 | D:2      | Paralysed by a potion of paralysis for 5 turns
   824 | D:2      | HP: 1/26 [poisoned by an adder]
   826 | D:2      | Succumbed to an adder's poison

Action                   || total
-------------------------++-------
Melee: Mace              ||    61
 Cast: Sandblast         ||    17
  Use: Potion            ||     3
 Stab: Sleeping          ||     2
